 Dungeon Crawl Stone Soup version 0.28-a0-1567-g1695149f81 (webtiles) character file.

Game seed: 244020783254074144

56 dolemite99 the Digger (level 3, -2/24 HPs)
             Began as an Octopode Earth Elementalist on Jan 20, 2022.
             Slain by Terence (6 damage)
             ... on level 2 of the Dungeon.
             The game lasted 00:02:33 (1479 turns).

dolemite99 the Digger (Octopode Earth Elementalist) Turns: 1479, Time: 00:02:33

Health: -2/24      AC:  1    Str:  9    XL:     3   Next: 95%
Magic:  0/6        EV: 13    Int: 17    God:
Gold:   42         SH:  0    Dex: 12    Spells: 5/6 levels left

rFire   . . .      SeeInvis .   i - +0 dagger
rCold   . . .      Faith    .   (no shield)
rNeg    . . .      Spirit   .   (helmet restricted)
rPois   .          Reflect  .   (no amulet)
rElec   .          Harm     .   (no ring)
rCorr   .          Rampage  .   (no ring)
Will    .....                   (no ring)
Stlth   +++.......              (no ring)
HPRegen 0.08/turn               (no ring)
MPRegen 0.10/turn               (no ring)
                                (no ring)
                                (no ring)

@: no status effects
A: almost no armour, amphibious, 8 rings, camouflage 1, gelatinous body 1,
(nimble swimmer 1), tentacles
a: no special abilities


You were on level 2 of the Dungeon.
You visited 1 branch of the dungeon, and saw 2 of its levels.

You collected 117 gold pieces.
You spent 75 gold pieces at shops.

Inventory:

Hand Weapons
 i - a +0 dagger (weapon)
Missiles
 a - 41 sling bullets
 b - 79 stones
 h - 20 arrows
Armour
 k - a +0 cloak
Magical Staves
 e - a staff of conjuration
Scrolls
 d - a scroll of identify {unknown}
 f - a scroll of blinking {unknown}
 g - a scroll of enchant armour {unknown}
 l - a scroll of teleportation
Potions
 c - a potion of degeneration {unknown}
 j - a potion of berserk rage {unknown}
 m - a potion of lignification {unknown}


   Skills:
 + Level 1.8 Fighting
 - Level 2.0 Dodging
 - Level 2.6 Stealth
 - Level 2.0 Spellcasting
 + Level 2.1 Transmutations
 + Level 3.6 Earth Magic


You had 5 spell levels left.
You knew the following spells:

 Your Spells              Type           Power      Damage    Failure   Level
a - Sandblast             Erth           28%        2d8       4%          1

Your spell library contained the following spells:

 Spells                   Type           Power      Damage    Failure   Level
 Passwall                 Tmut/Erth      9%         N/A       9%          2
 Stone Arrow              Conj/Erth      14%        3d7       28%         3
 Dazzling Flash           Conj/Hex       2%         N/A       50%         3
 Petrify                  Tmut/Erth      11%        N/A       52%         4
 Agony                    Necr           1%         N/A       99%         5
 Silence                  Hex/Air        0%         N/A       99%         5


Dungeon Overview and Level Annotations

Branches:
Dungeon (2/15)

Altars:

Shops:
D:2 ?!

Annotations:
D:2 Terence


Innate Abilities, Weirdness & Mutations

You cannot wear most types of armour.
You are amphibious.
You can wear up to eight rings at the same time.
Your skin changes colour to match your surroundings (Stealth+).
Your rubbery body absorbs attacks. (AC +1, EV +1)
((You are camouflaged when in or above water. (Stealth+)))
You have tentacles for arms and can constrict up to eight enemies at once.


Message History

Confirm with . or Enter, or press ? or * to list all spells.
Aiming: Sandblast (safe; 4% risk of failure)
Press: ? - help, Shift-Dir - straight line, f/p - Terence
Aim: Terence, wielding a +0 flail and wearing a +0 scale mail (heavily wounded, unusually resistant, 82% to hit)
The blast of sand hits Terence but does no damage.
Terence is heavily wounded.
Terence hits you with a +0 flail!
Casting: Sandblast (safe; 4% risk of failure)
Confirm with . or Enter, or press ? or * to list all spells.
Aiming: Sandblast (safe; 4% risk of failure)
Press: ? - help, Shift-Dir - straight line, f/p - Terence
Aim: Terence, wielding a +0 flail and wearing a +0 scale mail (heavily wounded, unusually resistant, 82% to hit)
The blast of sand hits Terence but does no damage.
Terence is heavily wounded.
Terence closely misses you.
Casting: Sandblast (safe; 4% risk of failure)
Confirm with . or Enter, or press ? or * to list all spells.
Aiming: Sandblast (safe; 4% risk of failure)
Press: ? - help, Shift-Dir - straight line, f/p - Terence
Aim: Terence, wielding a +0 flail and wearing a +0 scale mail (heavily wounded, unusually resistant, 82% to hit)
The blast of sand hits Terence but does no damage.
Terence is heavily wounded.
Terence hits you with a +0 flail.
Casting: Sandblast (safe; 4% risk of failure)
Confirm with . or Enter, or press ? or * to list all spells.
Aiming: Sandblast (safe; 4% risk of failure)
Press: ? - help, Shift-Dir - straight line, f/p - Terence
Aim: Terence, wielding a +0 flail and wearing a +0 scale mail (heavily wounded, unusually resistant, 82% to hit)
The blast of sand hits Terence but does no damage.
Terence is heavily wounded.
Terence hits you with a +0 flail!
* * * LOW HITPOINT WARNING * * *
You see here a +2 barding of flying.
Casting: Sandblast (safe; 4% risk of failure)
Confirm with . or Enter, or press ? or * to list all spells.
Aiming: Sandblast (safe; 4% risk of failure)
Press: ? - help, Shift-Dir - straight line, f/p - Terence
Aim: Terence, wielding a +0 flail and wearing a +0 scale mail (heavily wounded, unusually resistant, 82% to hit)
The blast of sand misses Terence.
Terence hits you with a +0 flail.
You die...

######### ##........
##########.# #.#.# ##
#..........# #..###.##
#.####.....###...#.###
#.# #..##...)8.<.∩.8.
####.####..##....#.###.#.
#......@@..##.....## ##..
#....####..##......# #...
#.#### ##.###.####.#.##.
#.########.# #.. #.# ##
#.##...∩...# #.. #.#
####.......#....... . #
#.......##.# .@... .
#.##.##.##.# #### #. #
#.##.#...


You could see Terence (resistant).

Vanquished Creatures
  Jessica (D:2)
  A dart slug (D:2)
  2 ball pythons (D:1)
  5 bats (D:1)
  3 endoplasms
  3 giant cockroaches
  2 goblins (D:1)
  A hobgoblin (D:1)
  3 jackals (D:1)
  A quokka (D:1)
  A rat (D:1)
23 creatures vanquished.

Vanquished Creatures (others)
  4 plants (D:2)
4 creatures vanquished.

Grand Total: 27 creatures vanquished

Notes
Turn   | Place    | Note
-------+----------+-------------------------------------------
     0 | D:1      | dolemite99 the Octopode Earth Elementalist began the quest
                  | for the Orb.
     0 | D:1      | Reached XP level 1. HP: 11/11 MP: 3/3
   234 | D:1      | Reached XP level 2. HP: 18/18 MP: 3/5
   342 | D:1      | Found a faded altar of an unknown god.
   433 | D:1      | Reached skill level 1 in Fighting
   820 | D:1      | Reached XP level 3. HP: 23/23 MP: 4/6
  1106 | D:2      | Found Jeshaik's Distillery.
  1115 | D:2      | Bought a potion of curing for 36 gold pieces
  1122 | D:2      | Noticed Jessica
  1136 | D:2      | Killed Jessica
  1448 | D:2      | Found Veneisk's Magic Scroll Emporium.
  1453 | D:2      | Noticed Terence
  1456 | D:2      | Bought a scroll of teleportation for 39 gold pieces
  1479 | D:2      | Slain by Terence

Illustrated notes

Levels and vault maps discovered:
D:1:      lightli_arrival_statue_moat, layout_basic,
          chequers_ecumenical_altar_lobes, minmay_tetromino_l4
D:2:      cheibrodos_old_hovel, layout_loops_ring, serial_shops, shop, shop,
          shop, shop, shop_statue, kennysheep_donut, uniq_robin, uniq_terence,
          uniq_jessica

Skill      XL: |  1  2  3 |
---------------+----------+-----
Fighting       | 1 |  1.8
Transmutations | 2 |  2.1
Dodging        | |  2.0
Stealth        | |  2.6
Spellcasting   | |  2.0
Earth Magic    | |  3.6

Action                   || total
-------------------------++-------
Melee: Unarmed           ||     5
       Tentacles         ||     2
       Constrict         ||     1
       Dagger            ||     4
 Cast: Sandblast         ||    33
  Use: Potion            ||     1
Dodge: Dodged            ||    11

Table legend: (Time is in decaauts)
 A = Elapsed time spent in this place.
 B = Non-inter-level travel time spent in this place.
 C = Inter-level travel time spent in this place.
 D = Time resting spent in this place.
 E = Time spent auto-exploring this place.
 F = Levels seen in this place.
 G = Mean time per level.
                   A        B        C        D        E       F      G
               +--------+--------+--------+--------+--------+-----+--------+
         Total |   1478 |   1464 |     14 |    384 |    823 |   2 |  739.0 |
       Dungeon |   1478 |   1464 |     14 |    384 |    823 |   2 |  739.0 |
               +--------+--------+--------+--------+--------+-----+--------+

Top non-repeatable levels by time:
     D:1: 984 daAuts
     D:2: 493 daAuts
